 Dungeon Crawl Stone Soup version 0.17-a0-1767-gccbed74 (webtiles) character file.

165 TruthSerum the Skirmisher (level 5, 0/57 HPs)
             Began as an Ogre Abyssal Knight on Sept 6, 2015.
             Was a Believer of Lugonu.
             Slain by a jackal (1 damage)
             ... on level 4 of the Dungeon.
             The game lasted 00:15:33 (3161 turns).

TruthSerum the Skirmisher (Ogre Abyssal Knight)     Turns: 3161, Time: 00:15:33

Health: 0/57       AC:  4    Str: 17    XL:     5   Next: 46%
Magic:  7/7        EV:  5    Int: 11    God:    Lugonu [**....]
Gold:   189        SH:  0    Dex: 10    Spells: 0 memorised, 4 levels left

rFire  . . .     SeeInvis .     a - +1 mace
rCold  . . .     Clarity  .     b - +0 robe
rNeg   . . .     SustAt   .     (no shield)
rPois  .         Gourm    .     g - +1 hat
rElec  .         Spirit   .     (no cloak)
rCorr  .         Warding  .     (gloves unavailable)
rMut   .         Stasis   .     (boots unavailable)
MR     .....                    (no amulet)
Stlth  +.........               (no ring)
                                e - ring of invisibility

@: not resistant to hostile enchantments, very unstealthy
A: unfitting armour, tough skin 1
a: Depart the Abyss, Bend Space, Renounce Religion, Evoke Invisibility


You were on level 4 of the Dungeon.
You worshipped Lugonu.
Lugonu was pleased with you.
You were hungry.

You visited 1 branch of the dungeon, and saw 4 of its levels.
You visited the Abyss 1 time.

You collected 189 gold pieces.

Inventory:

Hand weapons
 a - a +1 mace (weapon)
 u - a +0 flail
Armour
 b - a +0 robe (worn)
 g - a +1 hat (worn)
Jewellery
 e - a ring of invisibility (left hand)
Magical devices
 t - a wand of flame (32)
 v - a wand of confusion (14)
 w - a wand of polymorph (16)
Scrolls
 d - a scroll of blinking
 i - 3 scrolls of remove curse
 q - a scroll of recharging {unknown}
 s - a scroll of noise {unknown}
 x - a scroll of enchant weapon {unknown}
 y - a scroll of immolation {unknown}
Potions
 j - 4 potions of flight {unknown}
 l - a potion of curing
 m - a potion of lignification
 n - 2 potions of brilliance {unknown}
 p - 2 potions of magic
 r - 2 potions of haste {unknown}
 z - a potion of agility {unknown}
Comestibles
 c - 2 bread rations
 k - 4 meat rations
 o - 3 fruits


   Skills:
 + Level 5.3 Fighting
 * Level 5.2 Maces & Flails
 + Level 2.8 Dodging
 + Level 2.8 Invocations


You had 4 spell levels left.
You didn't know any spells.

Dungeon Overview and Level Annotations

Branches:
Dungeon (4/15)
 Temple: D:4-7

Altars:
Ashenzari
Dithmenos
Fedhas
Ru
Sif Muna
Yredelemnul


Innate Abilities, Weirdness & Mutations

You are too large for most types of armour.
You have tough skin (AC +1).


Message History

The jackal bites you but does no damage.
You miss the jackal.
The phantom blinks!
The jackal barely misses you. The jackal bites you.
* * * LOW HITPOINT WARNING * * *
You hit the jackal.
The jackal is heavily wounded.
The jackal bites you but does no damage. x2
The jackal bites you.
* * * LOW HITPOINT WARNING * * *
The jackal misses you.
You sock the jackal!
You kill the jackal!
Lugonu accepts your kill. The jackal bites you.
* * * LOW HITPOINT WARNING * * *
There is a stone staircase leading up here.
The phantom hits you!
* * * LOW HITPOINT WARNING * * *
The phantom blinks!
The jackal bites you.
You die...

#. ..# #. #.#
#.####.#####
#..........#
#..........#
#..........#
#..........#
####....ยง.....#
.......@h.....#.#
..........#.....#
..........#........
........W.#........
..........###......
.......##.. ......
....... #... ......
....... ..... .....
.....


You could see a phantom and a jackal.

Vanquished Creatures
  Jessica (D:2)
  Natasha (thrice) (D:2)
  2 adders (D:2)
  2 worms (D:2)
  10 orcs (D:3)
  11 bats
  A giant cockroach (D:3)
  8 hobgoblins
  5 jackals
  7 kobolds
  2 ball pythons (D:1)
  3 giant geckos
  4 giant newts (D:1)
  12 goblins
71 creatures vanquished.

Notes
Turn   | Place    | Note
--------------------------------------------------------------
     0 | Abyss:1  | TruthSerum the Ogre Abyssal Knight began the quest for the Orb.
     0 | Abyss:1  | Reached XP level 1. HP: 24/24 MP: 2/2
    36 | Abyss:1  | Noticed a small abomination
    46 | D:1      | Escaped the Abyss
    88 | D:1      | Found a basalt altar of Yredelemnul.
    88 | D:1      | Found a blossoming altar of Fedhas.
   435 | D:1      | Reached XP level 2. HP: 29/32 MP: 3/3
   437 | D:1      | Acquired Lugonu's first power
   808 | D:1      | Reached XP level 3. HP: 38/40 MP: 4/4
  1418 | D:2      | Found a shadowy altar of Dithmenos.
  1565 | D:2      | Noticed Jessica
  1576 | D:2      | Killed Jessica
  1576 | D:2      | Reached XP level 4. HP: 44/49 MP: 5/5
  1698 | D:2      | Acquired Lugonu's second power
  1784 | D:2      | Noticed Natasha
  1790 | D:2      | Killed Natasha
  1790 | D:2      | Reached skill level 5 in Fighting
  2058 | D:2      | Found a sacrificial altar of Ru.
  2075 | D:2      | Noticed Natasha
  2091 | D:2      | Killed Natasha
  2091 | D:2      | Reached XP level 5. HP: 41/57 MP: 7/7
  2111 | D:2      | Noticed Natasha
  2121 | D:2      | Killed Natasha
  2162 | D:2      | Found a deep blue altar of Sif Muna.
  2524 | D:3      | Found a shattered altar of Ashenzari.
  2601 | D:3      | Reached skill level 5 in Maces & Flails
  3133 | D:4      | Noticed a phantom
  3161 | D:4      | HP: 1/57 [phantom (10)]
  3161 | D:4      | Slain by a jackal

Vault maps used:
D:1:      erik_arrival_cave_to_civilisation, serial_curves, eino_curves_01,
          eino_curves_02
D:2:      nicolae_dithmenos_shadow_blocks, lemuel_blue_sif_altar,
          minmay_misc_feat_five, minmay_strange_pillars, minmay_misc_feat_iff,
          nicolae_ru_path_of_blood, uniq_natasha, uniq_jessica
D:3:      grunt_decor_cap, nicolae_ashenzari_panopticon
D:4:      kennysheep_mini, minmay_temple_entry_fiery, st_stairs_4,
          tgw_kikubaaqudgha
Abyss:1:  serial_sigils_hangedman_shear, hangedman_decor_peaks_small

Action                   |  1- 3 |  4- 6 || total
-------------------------+-------+-------++-------
Melee: Mace              |   112 |   152 ||   264
Invok: Depart the Abyss  |     1 |       ||     1
  Use: Scroll            |       |     7 ||     7
  Eat: Chunk             |     2 |     5 ||     7
